 Dungeon Crawl Stone Soup version 0.29-a0-998-g1987434951 (webtiles) character file.

Game seed: 6889779827178072137

88 siradein the Shooter (level 4, -3/26 HPs)
             Began as a Tengu Hunter on Aug 6, 2022.
             Killed from afar by Jessica (14 damage)
             ... with a bolt of dispelling energy
             ... on level 3 of the Dungeon.
             The game lasted 00:02:39 (1800 turns).

siradein the Shooter (Tengu Hunter)                 Turns: 1800, Time: 00:02:39

Health: -3/26      AC:  4    Str: 12    XL:     4   Next: 53%
Magic:  5/5        EV: 12    Int:  9    God:
Gold:   133        SH:  0    Dex: 19    Spells: 3/3 levels left

rFire   . . .      SeeInvis .   a - +0 shortbow
rCold   . . .      Faith    .   (shield currently unavailable)
rNeg    . . .      Spirit   .   c - +0 leather armour
rPois   .          Reflect  .   (helmet restricted)
rElec   .          Harm     .   (no cloak)
rCorr   +          Rampage  .   h - +0 pair of gloves
Will    .....                   (boots unavailable)
Stlth   ++........              (no amulet)
HPRegen 0.08/turn               e - ring of resist corrosion
MPRegen 0.09/turn               (no ring)

@: no status effects
A: beak, talons 3
a: no special abilities


You were on level 3 of the Dungeon.
You visited 1 branch of the dungeon, and saw 3 of its levels.

You collected 155 gold pieces.
You spent 22 gold pieces at shops.

Inventory:

Hand Weapons
 a - a +0 shortbow (weapon)
Missiles
 f - a throwing net
Armour
 c - a +0 leather armour (worn)
 h - a +0 pair of gloves (worn)
Jewellery
 e - a ring of resist corrosion (left hand)
Scrolls
 b - 2 scrolls of immolation
 j - a scroll of amnesia {unknown}
 k - a scroll of enchant armour
 l - a scroll of fear
 o - a scroll of teleportation
 p - a scroll of butterflies
Potions
 d - a potion of attraction
 g - 3 potions of haste
 i - a potion of mutation {unknown}


   Skills:
 - Level 2.0 Fighting
 + Level 6.4 Ranged Weapons
 - Level 2.1 Dodging
 - Level 1.0 Stealth


You had 3 spell levels left.
You didn't know any spells.
Your spell library was empty.

Dungeon Overview and Level Annotations

Branches:
Dungeon (3/15)

Altars:

Shops:
D:2 *

Annotations:
D:3 Grinder, Jessica


Innate Abilities, Weirdness & Mutations

You have a beak for a mouth.
You have claws for feet.


Message History

(D) Dungeon
Where to? (Enter - D:1 @ (x,y), ? - help)
What level of the Dungeon? (default 1, ? - help)
There is a stone staircase leading down here.
You climb downwards.
There is a stone staircase leading up here.
You open the door.
There is an open door here.
Found a stone staircase leading up.
A hobgoblin comes into view.
You shoot an arrow. The arrow hits the hobgoblin!
You kill the hobgoblin!
No target in view!
No target in view!
No target in view!
There is a stone staircase leading up here.
Grinder comes into view.
She is carrying a wand of polymorph (9).
Found 9 gold pieces.
Grinder shouts!
You hear a shout!
Grinder is nearby!
Grinder is nearby!
You shoot an arrow. The arrow hits Grinder.
Grinder is lightly wounded.
Jessica the Apprentice Sorceress comes into view.
She is wielding a +0 dagger and carrying a wand of quicksilver (10).
Grinder hits you!
You writhe in agony.
You shoot an arrow. The arrow hits Grinder.
Grinder is lightly wounded.
Grinder blinks!
Jessica shouts, "You're disturbing me!
I'll have to kill you!"
You shoot an arrow. The arrow hits Jessica.
Jessica is moderately wounded.
Jessica hits you with a +0 dagger.
You are too injured to fight recklessly!
You are too injured to fight recklessly!
You are too injured to fight recklessly!
Jessica attacks as you move away! Jessica closely misses you.
Jessica attacks as you move away! Jessica barely misses you.
Jessica zaps a wand.
The bolt of dispelling energy hits you!
Ouch! That really hurt!
You die...

###....####
#####.### #......#
#.# ##....## ##'##
##..## ##...##
#.#### ##.....#
#<##.## ##.......
#.#...####........
###........+......<.
#..@....####........
#.#.##..# ##.......
#..#@##.# ##.....#
#.###5#.# ##...## #.
#$## # ##+## #.#.#
#.5. ###


You could see Grinder and Jessica.

Vanquished Creatures
  4 adders (D:2)
  A dart slug (D:2)
  3 endoplasms
  4 giant cockroaches
  5 hobgoblins
  3 jackals (D:1)
  A quokka (D:1)
  6 ball pythons
  4 bats
  2 frilled lizards (D:2)
  4 goblins
  6 kobolds
  4 rats
47 creatures vanquished.

Notes
Turn   | Place    | Note
-------+----------+-------------------------------------------
     0 | D:1      | siradein the Tengu Hunter began the quest for the Orb.
     0 | D:1      | Reached XP level 1. HP: 12/12 MP: 2/2
   138 | D:1      | Reached XP level 2. HP: 17/17 MP: 3/3
   207 | D:1      | Reached skill level 5 in Ranged Weapons
   772 | D:2      | Reached XP level 3. HP: 19/21 MP: 4/4
   910 | D:2      | Found Ifioda's General Store.
   918 | D:2      | Bought a scroll of identify for 22 gold pieces
   936 | D:2      | Reached skill level 6 in Ranged Weapons
   976 | D:2      | Reached XP level 4. HP: 26/26 MP: 5/5
  1794 | D:3      | Noticed Grinder
  1795 | D:3      | Noticed Jessica
  1800 | D:3      | Killed from afar by Jessica

Illustrated notes

Levels and vault maps discovered:
D:1:      dpeg_arrival_ternary, layout_loops_ring, hangedman_decor_push
D:2:      layout_loops_cross, serial_shops, nicolae_diamond_shop
D:3:      layout_loops_corners, old_standard_altar,
          shapermc_ecumenical_altar_mp_vishouse, serial_bayou_pond_d,
          supply_closet_lemuel, uniq_grinder, uniq_jessica, uniq_sigmund

Skill      XL: |  1  2  3 |
---------------+----------+-----
Ranged Weapons | 5 6 |  6.4
Fighting       | |  2.0
Dodging        | |  2.1
Stealth        | |  1.0

Action                   |  1- 3 |  4- 6 || total
-------------------------+-------+-------++-------
 Fire: Shortbow          |    83 |    35 ||   118
  Use: Scroll            |     3 |     4 ||     7
Armor: Leather armour    |    12 |     2 ||    14
Dodge: Dodged            |    24 |    13 ||    37

Table legend: (Time is in decaauts)
 A = Elapsed time spent in this place.
 B = Non-inter-level travel time spent in this place.
 C = Inter-level travel time spent in this place.
 D = Time resting spent in this place.
 E = Time spent auto-exploring this place.
 F = Levels seen in this place.
 G = Mean time per level.
                   A        B        C        D        E       F      G
               +--------+--------+--------+--------+--------+-----+--------+
         Total |   1830 |   1761 |     69 |      0 |   1508 |   3 |  610.0 |
       Dungeon |   1830 |   1761 |     69 |      0 |   1508 |   3 |  610.0 |
               +--------+--------+--------+--------+--------+-----+--------+

Top non-repeatable levels by time:
     D:2: 977 daAuts
     D:1: 773 daAuts
     D:3: 78 daAuts
